 Dungeon Sprint DCSS version 0.27-a0-1228-gfd60fd639a (webtiles) character file.

Game seed: 1761466996267788450

1232 mhtbhm the Martial Artist (level 8, -3/72 HPs)
             Began as a Merfolk Transmuter on June 7, 2021.
             Was a Follower of Sif Muna.
             Slain by Sonja
             ... wielding a +0 short sword of distortion
              (15 damage)
             ... in the Dungeon (Sprint I: "Red Sonja").
             The game lasted 00:02:15 (690 turns).

mhtbhm the Martial Artist (Merfolk Transmuter)       Turns: 690, Time: 00:02:15

Health: -3/72      AC:  7    Str: 13    XL:     8   Next: 48%
Magic:  14/20      EV: 11    Int: 12    God:    Sif Muna [*.....]
Gold:   417        SH:  0    Dex: 14    Spells: 9/24 levels left

rFire    . . .     SeeInvis .     - Unarmed
rCold    . . .     Faith    .   (shield currently unavailable)
rNeg     . . .     Spirit   .   (armour currently unavailable)
rPois    +         Reflect  .   (helmet currently unavailable)
rElec    .         Harm     .   (cloak currently unavailable)
rCorr    .         Rampage  .   (gloves currently unavailable)
Will     .....     NoTele   +   (boots currently unavailable)
Stlth    ++........             (no amulet)
HPRegen  0.22/turn              (no ring)
MPRegen  0.17/turn              (no ring)

@: hydra-form, wereblooded
A: fast swimmer, devour, boosted hp, very large, (nimble swimmer 2), (mertail)
a: End Transformation, Renounce Religion, Channel Magic


You were in the Dungeon.
You worshipped Sif Muna.
Sif Muna was aware of your devotion.
You were a three-headed hydra.
You visited 1 branch You collected 417 gold pieces.

Inventory:

Armour
 a - a +0 robe of willpower (melded)
Wands
 b - a wand of mindburst (16)
 i - a wand of polymorph (10)
Scrolls
 h - a scroll of blinking
Potions
 c - a potion of curing
 d - a potion of heal wounds
 e - a potion of haste
 f - 2 potions of magic
 g - a potion of flight {unknown}


   Skills:
 + Level 2.0 Fighting
 + Level 2.6 Armour
 + Level 8.0 Dodging
 + Level 2.1 Stealth
 + Level 12.9 Unarmed Combat
 + Level 8.5 Spellcasting
 + Level 10.2 Transmutations
 + Level 1.4 Poison Magic


You had 9 spell levels left.
You knew the following spells:

 Your Spells              Type           Power      Damage    Failure   Level
a - Beastly Appendage     Tmut           58%        N/A       1%          1
b - Wereblood             Tmut           29%        N/A       1%          2
c - Spider Form           Tmut/Pois      9%         N/A       3%          3
d - Ice Form              Ice/Tmut       17%        N/A       17%         4
e - Hydra Form            Tmut           14%        N/A       6%          5

Your spell library contained the following spells:

 Spells                   Type           Power      Damage    Failure   Level


Dungeon Overview and Level Annotations

Branches:
Dungeon (1/1)

Altars:
Cheibriados
Dithmenos
Elyvilon
Fedhas
Gozag
Hepliaklqana
Kikubaaqudgha
Makhleb
Nemelex Xobeh
Okawaru
Qazlal
Ru
Sif Muna
Trog
Uskayaw
Vehumet
Wu Jian
Xom
Yredelemnul
Zin
The Shining One
Jiyva
Lugonu

Shops:
D (

Annotations:
D Sonja


Innate Abilities, Weirdness & Mutations

You are a three-headed hydra.
You swim very quickly.
You can devour living enemies to heal.
Your maximum health is greatly increased.
Your armour is entirely melded.
You are incapable of wielding weapons or throwing items.
((You are quick and stealthy near water. (Stealth+, EV+, Speed+++)))
((Your lower body shifts to a powerful aquatic tail in water.))


Message History

Casting: Hydra Form (quite dangerous; 6% risk of failure)
Confirm with . or Enter, or press ? or * to list all spells.
The spell is quite dangerous to cast (6% risk of failure)!
Continue anyway?
Okay, then.
Casting: Hydra Form (quite dangerous; 6% risk of failure)
Confirm with . or Enter, or press ? or * to list all spells.
Your blood is infused with primal strength.
Casting: Wereblood (safe; 1% risk of failure)
Confirm with . or Enter, or press ? or * to list all spells.
The spell is quite dangerous to cast (6% risk of failure)!
Continue anyway?
You turn into a three-headed hydra.
Your +0 robe of willpower melds into your body.
You feel less strong-willed.
You open the door.
Sonja, the Graceful Assassin comes into view.
She is wielding a +0 short sword of distortion and quivering curare-tipped darts.
Found 108 gold pieces.
Sonja shouts!
There is an open door here.
Sonja hits you with a +0 short sword of distortion!
Space bends around you.
Sonja hits you with a +0 short sword of distortion.
Space bends around you.
Sonja hits you with a +0 short sword of distortion.
Sonja hits you with a +0 short sword of distortion!
Space bends around you. Sonja hits you but does no damage.
Sonja completely misses you.
You nip at Sonja.
Sonja is lightly wounded.
Sonja hits you with a +0 short sword of distortion!
Space bends around you. Sonja misses you. Sonja hits you but does no damage.
You completely miss Sonja.
Sonja is lightly wounded.
Sonja misses you. Sonja barely misses you. x2
You closely miss Sonja.
Sonja is lightly wounded.
Sonja twirls her cape.
Sonja hits you with a +0 short sword of distortion!
* * * LOW HITPOINT WARNING * * *
Space warps horribly around you!
You die...

#..).[#.)')[#..'..'..#)..#
#..#####'#####'#__####...+
#..####..#...#.#### #####
#..#__####..##.#
#..#_____##'#_.+
#⌠⌠#_.∩...'..._#
####_..__##_.#'#
#_____###'#)# #######
#D###


+$K$+ #$.$# ##.## #+# You could see Sonja.

Vanquished Creatures
  2 kobold demonologists (D)
  A slime creature (D)
  Sigmund (D)
  A yak (D)
  A floating eye (D)
  An ogre (D)
  A jelly (D)
  Ijyb (D)
9 creatures vanquished.

Notes
Turn   | Place    | Note
-------+----------+-------------------------------------------
     0 | D        | mhtbhm the Merfolk Transmuter began the quest for the Orb.
     0 | D        | Reached XP level 1. HP: 15/15 MP: 3/3
     3 | D        | Noticed Ijyb
    10 | D        | Killed Ijyb
    11 | D        | Reached skill level 5 in Unarmed Combat
    11 | D        | Reached XP level 2. HP: 21/21 MP: 1/6
    11 | D        | Reached XP level 3. HP: 26/26 MP: 1/7
    81 | D        | Learned a level 2 spell: Wereblood
    85 | D        | Learned a level 3 spell: Spider Form
    88 | D        | Noticed an ogre
    94 | D        | Killed an ogre
    95 | D        | Reached skill level 7 in Unarmed Combat
    95 | D        | Reached skill level 5 in Transmutations
    95 | D        | Reached XP level 4. HP: 30/32 MP: 2/10
   336 | D        | Learned a level 4 spell: Ice Form
   337 | D        | Noticed Sigmund
   343 | D        | Killed Sigmund
   344 | D        | Reached skill level 1 in Armour
   344 | D        | Reached skill level 1 in Stealth
   344 | D        | Reached skill level 9 in Unarmed Combat
   344 | D        | Reached skill level 5 in Spellcasting
   344 | D        | Reached XP level 5. HP: 38/38 MP: 6/12
   344 | D        | Reached XP level 6. HP: 44/44 MP: 7/14
   419 | D        | Learned a level 5 spell: Hydra Form
   421 | D        | Found an ornate altar of the Wu Jian Council.
   421 | D        | Found a shimmering blue altar of Sif Muna.
   423 | D        | Found a radiant altar of Vehumet.
   427 | D        | Reached skill level 10 in Unarmed Combat
   518 | D        | Found Cuupri's Weapon Emporium.
   518 | D        | Found an ancient bone altar of Kikubaaqudgha.
   518 | D        | Found a hazy altar of Hepliaklqana.
   518 | D        | Found a stormy altar of Qazlal.
   518 | D        | Found a hide-covered altar of Uskayaw.
   518 | D        | Found a blossoming altar of Fedhas.
   518 | D        | Found a bloodstained altar of Trog.
   518 | D        | Found an iron altar of Okawaru.
   518 | D        | Found a basalt altar of Yredelemnul.
   518 | D        | Found a glowing golden altar of the Shining One.
   518 | D        | Found a snail-covered altar of Cheibriados.
   518 | D        | Found a sacrificial altar of Ru.
   518 | D        | Found a glowing silver altar of Zin.
   518 | D        | Found a shadowy altar of Dithmenos.
   518 | D        | Found a white marble altar of Elyvilon.
   518 | D        | Noticed a yak
   525 | D        | Killed a yak
   526 | D        | Reached skill level 11 in Unarmed Combat
   526 | D        | Reached skill level 1 in Poison Magic
   526 | D        | Reached XP level 7. HP: 49/49 MP: 10/16
   526 | D        | Found an opulent altar of Gozag.
   527 | D        | Found a sparkling altar of Nemelex Xobeh.
   576 | D        | Became a worshipper of Sif Muna the Loreminder
   583 | D        | Found a burning altar of Makhleb.
   583 | D        | Found a viscous altar of Jiyva.
   583 | D        | Found a shimmering altar of Xom.
   583 | D        | Found a corrupted altar of Lugonu.
   583 | D        | Noticed a slime creature
   589 | D        | Killed a slime creature
   600 | D        | Noticed a kobold demonologist
   600 | D        | Noticed a kobold demonologist
   603 | D        | Reached skill level 12 in Unarmed Combat
   603 | D        | Noticed a smoke demon
   605 | D        | Killed a kobold demonologist
   605 | D        | Reached * piety under Sif Muna
   606 | D        | Reached XP level 8. HP: 56/56 MP: 15/20
   609 | D        | Noticed a smoke demon
   610 | D        | Killed a kobold demonologist
   611 | D        | Reached skill level 10 in Transmutations
   685 | D        | Noticed Sonja
   690 | D        | Slain by Sonja

Illustrated notes

Levels and vault maps discovered:
D:        dungeon_sprint_1 [red_sonja_temple_1, red_sonja_temple_small_1]

Skill      XL: |  1  2  3  4  5  6  7  8 |
---------------+-------------------------+-----
Dodging        | 3 4 6 7 8 |  8.0
Unarmed Combat | 5 7 9 11 12 | 12.9
Spellcasting   | 3 4 5 6 8 |  8.5
Transmutations | 3 5 7 8 9 10 | 10.2
Armour         | 1 2 |  2.6
Stealth        | 1 2 |  2.1
Poison Magic   | 1 |  1.4
Fighting       | 2 |  2.0

Action                   |  1- 3 |  4- 6 |  7- 9 || total
-------------------------+-------+-------+-------++-------
Melee: Unarmed           |     7 |    14 |    17 ||    38
 Cast: Beastly Appendage |     1 |       |       ||     1
       Wereblood         |     1 |       |     1 ||     2
       Spider Form       |     1 |       |       ||     1
       Ice Form          |       |     1 |       ||     1
       Hydra Form        |       |     2 |     2 ||     4
  Use: Potion            |     1 |       |       ||     1
 Stab: Sleeping          |     1 |       |       ||     1
Armor: Skin              |     1 |     3 |     5 ||     9
Dodge: Dodged            |     1 |     3 |    13 ||    17

Table legend: (Time is in decaauts)
 A = Elapsed time spent in this place.
 B = Non-inter-level travel time spent in this place.
 C = Inter-level travel time spent in this place.
 D = Time resting spent in this place.
 E = Time spent auto-exploring this place.
 F = Levels seen in this place.
 G = Mean time per level.
                   A        B        C        D        E       F      G
               +--------+--------+--------+--------+--------+-----+--------+
         Total |    695 |    695 |      0 |    446 |      0 |   1 |  695.0 |
       Dungeon |    695 |    695 |      0 |    446 |      0 |   1 |  695.0 |
               +--------+--------+--------+--------+--------+-----+--------+

Top non-repeatable levels by time:
       D: 695 daAuts
